 Dungeon Crawl Stone Soup version 0.29-a0-352-g0917bc69df (webtiles) character file.

Game seed: 3187539828696323265

44 spaghetti the Thrower (level 3, -2/31 HPs)
             Began as a Gnoll Wanderer on Apr 24, 2022.
             Slain by Jessica
             ... wielding a +0 club
              (4 damage)
             ... on level 2 of the Dungeon.
             The game lasted 00:03:37 (1672 turns).

spaghetti the Thrower (Gnoll Wanderer)              Turns: 1672, Time: 00:03:37

Health: -2/31      AC:  3    Str: 11 (12) XL:     3   Next: 60%
Magic:  6/7        EV: 11    Int:  8 (11) God:
Gold:   131        SH:  0    Dex:  9 (12) Spells: 6/7 levels left

rFire   . . .      SeeInvis .   a - +4 dagger {short}
rCold   . . .      Faith    .   (no shield)
rNeg    . . .      Spirit   .   d - +0 leather armour
rPois   .          Reflect  .   (no helmet)
rElec   .          Harm     .   (no cloak)
rCorr   .          Rampage  .   (no gloves)
Will    .....                   (no boots)
Stlth   +.........              g - amulet of the acrobat
HPRegen 0.10/turn               (no ring)
MPRegen 0.10/turn               (no ring)

@: slowed, very slow
A: fangs 1, strong nose, distributed training
a: no special abilities


You were on level 2 of the Dungeon.
You visited 1 branch of the dungeon, and saw 2 of its levels.

You collected 131 gold pieces.


Innate Abilities, Weirdness & Mutations

You have very sharp teeth.
Your uncanny sense of smell can sniff out nearby items.
Your experience applies equally to all skills.


   Skills:
 + Level 4.5 Fighting
 + Level 0.9 Short Blades
 + Level 0.9 Long Blades
 + Level 0.9 Axes
 + Level 0.9 Maces & Flails
 + Level 0.9 Polearms
 + Level 0.9 Staves
 + Level 0.9 Slings
 + Level 0.9 Bows
 + Level 0.9 Crossbows
 + Level 8.5 Throwing
 + Level 0.9 Armour
 + Level 0.9 Dodging
 + Level 0.9 Stealth
 + Level 0.9 Shields
 + Level 0.9 Unarmed Combat
 + Level 2.8 Spellcasting
 + Level 0.6 Conjurations
 + Level 5.4 Hexes
 + Level 0.6 Summonings
 + Level 0.6 Necromancy
 + Level 0.6 Translocations
 + Level 0.6 Transmutations
 + Level 0.6 Fire Magic
 + Level 0.6 Ice Magic
 + Level 0.6 Air Magic
 + Level 0.6 Earth Magic
 + Level 0.6 Poison Magic
 + Level 1.0 Invocations
 + Level 0.9 Evocations


You had 6 spell levels left.
You knew the following spells:

 Your Spells              Type           Power      Damage    Failure   Level
a - Slow                  Hex            36%        N/A       4%          1

Your spell library contained the following spells:

 Spells                   Type           Power      Damage    Failure   Level
 Confusing Touch          Hex            9%         N/A       14%         3
 Gell's Gravitas          Tloc           2%         N/A       69%         3
 Lesser Beckoning         Tloc           2%         N/A       69%         3
 Teleport Other           Tloc           2%         N/A       69%         3
 Passage of Golubria      Tloc           2%         N/A       97%         4
 Silence                  Hex/Air        3%         N/A       98%         5
 Lehudib's Crystal Spear  Conj/Erth      1%         10d2      100%        8

Inventory:

Hand Weapons
 a - a +4 dagger (weapon) {short}
Missiles
 b - a curare-tipped dart {=fthrowing}
 f - 33 stones (quivered) {throwing}
Armour
 d - a +0 leather armour (worn)
Jewellery
 g - an amulet of the acrobat (around neck)
   (You found it on level 1 of the Dungeon)
Scrolls
 h - 2 scrolls of identify {unknown}
 j - a scroll of enchant weapon
Potions
 c - a potion of brilliance

Dungeon Overview and Level Annotations

Branches:
Dungeon (2/15)

Altars:

Annotations:
D:2 Jessica

### ... .. #.########
#@@.....# ###
#g######.# #.. (.#
#.# ##.#####.# #.#
........########.####
#.....)#............#
###
#......##...###<###.#
##.## #....###.
#.##.# #.# ##.#.#
#g#....#### #.#.# #.#
#.#...


You could see Jessica (slow) and a hobgoblin.


Message History

It was a potion of curing.
You feel better.
The hobgoblin barely misses you. 😨 HP[+6]
You regained 6 hp, and now have 13/31 hp.
It was a potion of degeneration.
There was something very wrong with that liquid.
You feel weakened.
You feel dopey.
You feel clumsy. The hobgoblin hits you.
* * * LOW HITPOINT WARNING * * *
😨 HP[-1]
You take 1 damage, and now have 12/31 hp.
The hobgoblin is attracted toward you.
The hobgoblin is attracted toward you. 😨 MP[+1]
Casting: Slow (safe; 4% risk of failure)
Confirm with . or Enter, or press ? or * to list all spells.
Aiming: Slow (safe; 4% risk of failure)
Press: ? - help, Shift-Dir - straight line, f - hobgoblin
Aim: a hobgoblin (chance to affect: 64%)
The hobgoblin seems to slow down.
Jessica is attracted toward you. 😨 MP[-1]
You lost 1 mp, and now have 4/7 mp.
Jessica is attracted toward you. The hobgoblin is attracted toward you.
Jessica is attracted toward you. The hobgoblin is attracted toward you.
The hobgoblin is attracted toward you.
Jessica is attracted toward you. 😨 HP[+1] 😨 MP[+1]
There is a stone staircase leading up here. 😨 HP[+1]
You climb upwards.
There is a stone staircase leading down here.
You start resting.
You feel less attractive to monsters.
Your extra speed is starting to run out. 😨 HP[+1] MP[+2]
Your mp is fully restored (7).
Unknown command.
Unknown command.
You start resting.
You feel yourself slow down. 😎 HP[+16]
Your hp is fully restored (31).
You start waiting.
Done waiting.
Unknown command.
Unknown command.
You climb downwards.
Level annotation: Jessica
There is a stone staircase leading up here.
f - 35 stones {throwing} (gained 21) Jessica gestures at you while chanting.
You feel yourself slow down.
Unknown command.
You throw a stone {throwing}.
The stone {throwing} barely misses Jessica.
You throw a stone {throwing}.
The stone {throwing} hits Jessica but does no damage.
You completely miss Jessica. You bite Jessica, but do no damage.
Jessica hits you with a +0 club. x2 😕 HP[-7]
You take 7 damage, and now have 24/31 hp.
MASSIVE DAMAGE!! (PAUSE) Unknown command.
Casting: Slow (safe; 4% risk of failure)
Confirm with . or Enter, or press ? or * to list all spells.
Aiming: Slow (safe; 4% risk of failure)
Press: ? - help, Shift-Dir - straight line, f/p - Jessica
Aim: Jessica, wielding a +0 club and wearing a +0 robe (chance to affect: 55%) Jessica seems to slow down.
Jessica hits you with a +0 club. 😮 HP[-2] MP[-1]
You take 2 damage, and now have 22/31 hp.
You lost 1 mp, and now have 6/7 mp.
Casting: Slow (safe; 4% risk of failure)
Confirm with . or Enter, or press ? or * to list all spells.
You don't know that spell.
You aren't carrying any items that you can evoke.
Okay, then.
Okay, then.
You hit Jessica. Your bite misses Jessica.
Jessica hits you with a +0 club. 😮 HP[-2]
You take 2 damage, and now have 20/31 hp.
You hit Jessica.
Jessica hits you with a +0 club. 😮 HP[-4]
You take 4 damage, and now have 16/31 hp.
You hit Jessica. You bite Jessica, but do no damage.
Jessica casts a spell at you. Pain shoots through your body!
* * * LOW HITPOINT WARNING * * *
😱 HP[-14]
You take 14 damage, and now have 2/31 hp.
MASSIVE DAMAGE!! (PAUSE) Unknown command.
Okay, then.
Unknown command.
As you read the scroll labelled RUSTRA ECSINOTZ, it crumbles to dust.
It is a scroll of enchant weapon.
Your +3 dagger {short} glows red for a moment.
Jessica hits you with a +0 club.
You die...

Skill      XL: |  1  2  3 |
---------------+----------+-----
Invocations    | 1 |  1.0
Fighting       | |  4.5
Short Blades   | |  0.9
Long Blades    | |  0.9
Axes           | |  0.9
Maces & Flails | |  0.9
Polearms       | |  0.9
Staves         | |  0.9
Slings         | |  0.9
Bows           | |  0.9
Crossbows      | |  0.9
Throwing       | |  8.5
Armour         | |  0.9
Dodging        | |  0.9
Stealth        | |  0.9
Shields        | |  0.9
Unarmed Combat | |  0.9
Spellcasting   | |  2.8
Conjurations   | |  0.6
Hexes          | |  5.4
Summonings     | |  0.6
Necromancy     | |  0.6
Translocations | |  0.6
Transmutations | |  0.6
Fire Magic     | |  0.6
Ice Magic      | |  0.6
Air Magic      | |  0.6
Earth Magic    | |  0.6
Poison Magic   | |  0.6
Evocations     | |  0.9

Action                   || total
-------------------------++-------
Melee: Dagger            ||    73
       Bite              ||     9
Throw: Stone             ||    43
 Cast: Slow              ||    10
  Use: Potion            ||     4
       Scroll            ||     1
 Stab: Sleeping          ||     1
Armor: Leather armour    ||    12
Dodge: Dodged            ||    34

Levels and vault maps discovered:
D:1:      dpeg_arrival_tiny_c, layout_basic, ebering_ecumenical_altar_box,
          serial_forest, infiniplex_forest_end_1, infiniplex_forest_corner_1,
          infiniplex_forest_clump_large, infiniplex_forest_straight_2,
          infiniplex_forest_straight_4
D:2:      layout_loops_ring, grunt_decor_mini_mirrors, hangedman_decor_push,
          uniq_jessica

Notes
Turn   | Place    | Note
-------+----------+-------------------------------------------
     0 | D:1      | spaghetti the Gnoll Wanderer began the quest for the Orb.
     0 | D:1      | spaghetti set off with the following items: a +3 dagger
                  | {short}, a curare-tipped dart {=fthrowing}, a potion of
                  | brilliance, a +0 leather armour; and the following spell
                  | memorised: Slow; and the following spells available to
                  | memorise: Confusing Touch
     0 | D:1      | Reached XP level 1. HP: 20/20 MP: 4/4
     0 | D:1      | magus.rc [v1.9.6]
   265 | D:1      | Reached XP level 2. HP: 26/26 MP: 5/5
   301 | D:1      | magus.rc [v1.9.6]
   443 | D:1      | Found a faded altar of an unknown god.
   590 | D:1      | Reached XP level 3. HP: 31/31 MP: 7/7
  1132 | D:2      | Reached skill level 1 in Invocations
  1269 | D:2      | You pick up a book of the Moon and begin reading...
  1269 | D:2      | You add the spells Passage of Golubria, Silence and
                  | Lehudib's Crystal Spear to your library.
  1314 | D:2      | You pick up a book of Displacement and begin reading...
  1314 | D:2      | You add the spells Lesser Beckoning, Gell's Gravitas and
                  | Teleport Other to your library.
  1332 | D:2      | Noticed Jessica
  1338 | D:2      | HP: 6/31 [Jessica/nerve-wracking pain (11)]
  1671 | D:2      | HP: 2/31 [Jessica/nerve-wracking pain (14)]
  1672 | D:2      | Slain by Jessica

Vanquished Creatures
  5 dart slugs (D:1)
  6 bats
  3 endoplasms (D:1)
  2 giant cockroaches
  6 goblins
  2 kobolds
  A ball python (D:1)
  3 frilled lizards (D:1)
  5 rats
33 creatures vanquished.

Table legend:
 A = Non-vault XP
 B = Vault XP
 C = Vault XP percentage of total XP
 D = Non-vault monster count
 E = Vault monster count
 F = Vault count percentage of total count
                 A         B        C        D         E       F
            +---------+---------+-------+---------+---------+-------
      Total |      63 |       0 |   0.0 |      33 |       0 |   0.0
            +---------+---------+-------+---------+---------+-------
        D:1 |      53 |       0 |   0.0 |      27 |       0 |   0.0
        D:2 |      10 |       0 |   0.0 |       6 |       0 |   0.0
            +---------+---------+-------+---------+---------+-------

Illustrated notes

Table legend:
 A = Kills in this place as a percentage of kills in entire the game.
 B = Kills by you in this place as a percentage of kills by you in the entire game.
 C = Kills by friends in this place as a percentage of kills by friends in the entire game.
 D = Other kills in this place as a percentage of other kills in the entire game.
 E = Experience gained in this place as a percentage of experience gained in the entire game.
 F = Experience gained in this place divided by the number of levels of this place that you have seen.
                   A       B       C       D       E      F
               +-------+-------+-------+-------+-------+----------------------
         Total | 100.0 | 100.0 |   N/A |   N/A | 100.0 |  31.5
       Dungeon | 100.0 | 100.0 |   N/A |   N/A | 100.0 |  31.5
               +-------+-------+-------+-------+-------+----------------------

Table legend: (Time is in decaauts)
 A = Elapsed time spent in this place.
 B = Non-inter-level travel time spent in this place.
 C = Inter-level travel time spent in this place.
 D = Time resting spent in this place.
 E = Time spent auto-exploring this place.
 F = Levels seen in this place.
 G = Mean time per level.
                   A        B        C        D        E       F      G
               +--------+--------+--------+--------+--------+-----+--------+
         Total |   1640 |   1598 |     42 |    273 |   1081 |   2 |  820.0 |
       Dungeon |   1640 |   1598 |     42 |    273 |   1081 |   2 |  820.0 |
               +--------+--------+--------+--------+--------+-----+--------+

Top non-repeatable levels by time:
     D:1: 1386 daAuts
     D:2: 254 daAuts
